 Dungeon Crawl Stone Soup version 0.28-a0-514-g0d7ab7f379 (webtiles) character file.

Game seed: 11457067454701825835

592 meatgazer the Distorting Demonspawn (level 7, -5/56 HPs)
             Began as a Demonspawn Abyssal Knight on Sept 22, 2021.
             Was a Believer of Lugonu.
             Slain by a troll (16 damage)
             ... on level 5 of the Dungeon.
             The game lasted 00:07:03 (5682 turns).

meatgazer the Distorting Demonspawn (DsAK)          Turns: 5682, Time: 00:07:03

Health: -5/56      AC:  6    Str: 15    XL:     7   Next: 16%
Magic:  12/12      EV: 11    Int: 11    God:    Lugonu [**....]
Gold:   141        SH:  0    Dex: 14    Spells: 6/6 levels left

rFire   + . .      SeeInvis .   c - +0 halberd (venom)
rCold   . . .      Faith    .   (shield currently unavailable)
rNeg    + . .      Spirit   .   b - +0 leather armour
rPois   .          Reflect  .   (helmet restricted)
rElec   .          Harm     .   (no cloak)
rCorr   .          Rampage  .   h - +2 pair of gloves
Will    .....                   (no boots)
Stlth   +.........              (no amulet)
HPRegen 0.18/turn               f - ring of positive energy
MPRegen 0.13/turn               k - ring of protection from fire

@: flying
A: antennae 1, claws 1, talons 2
a: Renounce Religion, Depart the Abyss, Bend Space


You were on level 5 of the Dungeon.
You worshipped Lugonu.
Lugonu was pleased with you.
You visited 1 branch of the dungeon, and saw 5 of its levels.
You visited the Abyss 1 time.

You collected 141 gold pieces.

Inventory:

Hand Weapons
 a - a +1 spear
 c - a +0 halberd of venom (weapon)
Armour
 b - a +0 leather armour (worn)
 h - a +2 pair of gloves (worn)
Jewellery
 f - a ring of positive energy (left hand)
 k - a ring of protection from fire (right hand)
Scrolls
 i - a scroll of teleportation
 l - 2 scrolls of identify
Potions
 e - 4 potions of curing
 g - a potion of magic


   Skills:
 + Level 5.1 Fighting
 + Level 3.7 Polearms
 - Level 2.0 Armour
 - Level 0.8 Dodging
 * Level 7.1 Invocations


You had 6 spell levels left.
You didn't know any spells.
Your spell library was empty.

Dungeon Overview and Level Annotations

Branches:
Dungeon (5/15)
 Temple: D:4-7

Altars:
Cheibriados
Elyvilon
Qazlal
Ru
Vehumet
Xom
Zin

Shops:
D:1 [:=*(


Innate Abilities, Weirdness & Mutations

You have a pair of small antennae on your head.
You have sharp fingernails.
You have razor-sharp toenails.


Message History

As you read the scroll of teleportation, it crumbles to dust.
You feel strangely unstable.
You feel sick.
The scorpion is engulfed in noxious fumes.
The scorpion appears confused.
The adder bites you but does no damage. x2
You puncture the adder!
You kill the adder!
Lugonu accepts your kill.
You feel sick.
The scorpion falls into the lava!
The scorpion is incinerated.
The adder bites you. The phantom hits you. The adder barely misses you.
You closely miss the phantom. Your kick misses the phantom.
Your surroundings suddenly seem different.
You feel sick.
You start resting.
You feel sick. x5
You are no longer poisoned.
You start resting.
HP restored.
You start waiting.
Done waiting.
You see here 18 stones.
Found a stone staircase leading down.
A troll comes into view.
The troll shouts!
A scorpion, an orc and a skeleton come into view.
The orc shouts!
The orc falls through a shaft!
The shaft crumbles and collapses.
You barely miss the troll.
An orc comes into view. It is wielding a +0 flail. x2
The troll bites you! The troll claws you. The troll claws you!
The orc moves out of view.
You are too injured to fight recklessly!
It was a potion of cancellation.
You feel magically purged. The troll closely misses you. The troll claws you!
* * * LOW HITPOINT WARNING * * *
The troll claws you.
* * * LOW HITPOINT WARNING * * *
It was a potion of flight.
You feel very buoyant.
You fly up into the air.
The troll bites you!
You die...

#.#####.# #......# #.#
#.# #.....## #.#
#.######..(..# #.#
#.##.≈≈≈.....# #.#
#...≈≈≈≈≈##..#
#.#####...≈≈.≈≈_#..# .
#.......#.≈≈≈≈≈##..##...
##########.≈≈≈##.........
######.@........
#.T.>...... #.$....$.##
#....##### #.s..# .....#
..o... ..o...##


You could see a troll, a scorpion and 2 orcs.

Vanquished Creatures
  A sky beast (D:5)
  An ogre (D:4)
  2 hounds (D:4)
  A jelly (D:5)
  A bullfrog skeleton (D:5)
  3 iguanas
  An iron imp (Abyss:1)
  Jessica (D:2)
  A gnoll (D:1)
  7 adders
  3 worms (D:2)
  4 dart slugs
  7 ball pythons
  7 bats
  8 endoplasms
  4 giant cockroaches
  10 goblins
  7 hobgoblins
  2 jackals (D:3)
  3 quokkas
  3 frilled lizards
  3 kobolds
  2 rats
82 creatures vanquished.

Vanquished Creatures (others)
  A scorpion (D:5)
  An iguana (D:5)
  An adder (D:5)
  10 fungi (D:3)
13 creatures vanquished.

Grand Total: 95 creatures vanquished

Notes
Turn   | Place    | Note
-------+----------+-------------------------------------------
     0 | Abyss:1  | meatgazer the Demonspawn Abyssal Knight began the quest for
                  | the Orb.
     0 | Abyss:1  | Reached XP level 1. HP: 18/18 MP: 2/2
    28 | Abyss:1  | Noticed an iron imp
    36 | Abyss:1  | Killed an iron imp
    37 | Abyss:1  | Gained mutation: You have sharp toenails. [demonic
                  | ancestry]
    37 | Abyss:1  | Reached XP level 2. HP: 21/25 MP: 3/3
   121 | Abyss:1  | Noticed a ynoxinul
   153 | Abyss:1  | Noticed a shadow dragon skeleton
   158 | Abyss:1  | Noticed a worldbinder
   160 | Abyss:1  | Noticed a tarantella
   162 | D:1      | Escaped the Abyss
   318 | D:1      | Gained mutation: You have a pair of small antennae on your
                  | head. [demonic ancestry]
   318 | D:1      | Reached XP level 3. HP: 30/30 MP: 3/5
   352 | D:1      | Found Exaa's Weapon Emporium.
   454 | D:1      | Found a faded altar of an unknown god.
   498 | D:1      | Found Nonyth's General Store.
   507 | D:1      | Found Wyutes's Jewellery Shoppe.
   540 | D:1      | Reached skill level 3 in Invocations
   638 | D:1      | Found Uczeoxang's Armour Emporium.
   669 | D:1      | Reached * piety under Lugonu
   909 | D:1      | Found Faoschuwn's Book Shop.
  1202 | D:2      | Gained mutation: You have sharp fingernails. [demonic
                  | ancestry]
  1202 | D:2      | Reached XP level 4. HP: 37/37 MP: 6/6
  1792 | D:2      | Noticed Jessica
  1796 | D:2      | Killed Jessica
  1797 | D:2      | Reached skill level 4 in Invocations
  1918 | D:2      | Gained mutation: You have razor-sharp toenails. [demonic
                  | ancestry]
  1918 | D:2      | Reached XP level 5. HP: 18/42 MP: 8/8
  2570 | D:2      | Reached ** piety under Lugonu
  3012 | D:3      | Found a sacrificial altar of Ru.
  3059 | D:3      | Found a stormy altar of Qazlal.
  3081 | D:3      | Found a radiant altar of Vehumet.
  3320 | D:4      | Noticed an ogre
  3327 | D:4      | Killed an ogre
  3328 | D:4      | Reached skill level 5 in Invocations
  3328 | D:4      | Reached XP level 6. HP: 46/49 MP: 8/10
  4214 | D:4      | Reached skill level 6 in Invocations
  4521 | D:5      | Entered Level 5 of the Dungeon
  4609 | D:5      | Noticed a sky beast
  4623 | D:5      | Killed a sky beast
  4624 | D:5      | Reached skill level 5 in Fighting
  4624 | D:5      | Reached XP level 7. HP: 4/56 MP: 10/12
  4959 | D:5      | Found a snail-covered altar of Cheibriados.
  5411 | D:5      | Reached skill level 7 in Invocations
  5413 | D:5      | Found a shimmering altar of Xom.
  5677 | D:5      | Noticed a troll
  5682 | D:5      | Slain by a troll

Illustrated notes

Levels and vault maps discovered:
D:1:      lightli_molten_gateway, layout_basic, serial_shops, shop,
          nicolae_square_shop, nicolae_shop_statue_plus, nicolae_shop_trees,
          shop, ebering_ecumenical_altar_sacrificial
D:2:      layout_basic, kennysheep_another_room, minmay_pentomino_x4,
          uniq_jessica
D:3:      layout_rooms, lemuel_crystal_altar, mainiacjoe_overflow_swirl,
          mainiacjoe_overflow_cross_hatched
D:4:      layout_loops_corners, nicolae_elyvilon_temple_path
D:5:      layout_basic, xom_confusion_cloud, kennysheep_slug_shrine,
          minmay_temple_entry_fiery, minmay_bent

Skill      XL: |  1  2  3  4  5  6  7 |
---------------+----------------------+-----
Polearms       | 2 3 |  3.7
Armour         | 2 |  2.0
Invocations    | 3 4 5 6 7 |  7.1
Fighting       | 4 5 |  5.1
Dodging        | |  0.8

Action                   |  1- 3 |  4- 6 |  7- 9 || total
-------------------------+-------+-------+-------++-------
Melee: Halberd           |    56 |   155 |    35 ||   246
       Kick              |     9 |    30 |     7 ||    46
Invok: Depart the Abyss  |     1 |       |       ||     1
  Use: Scroll            |       |     8 |     1 ||     9
       Potion            |       |     1 |     2 ||     3
 Stab: Distracted        |       |     1 |       ||     1
       Sleeping          |       |     1 |     1 ||     2
Armor: Leather armour    |    10 |    46 |    13 ||    69
Dodge: Dodged            |    22 |    84 |    20 ||   126

Table legend: (Time is in decaauts)
 A = Elapsed time spent in this place.
 B = Non-inter-level travel time spent in this place.
 C = Inter-level travel time spent in this place.
 D = Time resting spent in this place.
 E = Time spent auto-exploring this place.
 F = Levels seen in this place.
 G = Mean time per level.
                   A        B        C        D        E       F      G
               +--------+--------+--------+--------+--------+-----+--------+
         Total |   5769 |   5647 |    122 |   1675 |   3292 |   6 |  961.5 |
       Dungeon |   5605 |   5483 |    122 |   1675 |   3190 |   5 | 1121.0 |
         Abyss |    163 |    163 |      0 |      0 |    102 |   1 |  163.0 |
               +--------+--------+--------+--------+--------+-----+--------+

Top non-repeatable levels by time:
     D:1: 1462 daAuts
     D:4: 1251 daAuts
     D:2: 1227 daAuts
     D:5: 1177 daAuts
     D:3: 486 daAuts
 Abyss:1: 163 daAuts
